 Dungeon Crawl Stone Soup version 0.28.0-47-ge53b351184 (webtiles) character file.

Game seed: 7886183264179747183

299 101zpm the Magician (level 6, -3/40 HPs)
             Began as a Djinni Fire Elementalist on May 6, 2022.
             Slain by Sigmund
             ... wielding a +0 scythe
              (11 damage)
             ... on level 3 of the Dungeon.
             The game lasted 00:06:52 (4788 turns).

101zpm the Magician (Djinni Fire Elementalist)      Turns: 4788, Time: 00:06:52

Health: -3/40      AC:  2    Str:  7    XL:     6   Next: 63%
Gold:   59         EV: 12    Int: 18    God:
                   SH:  0    Dex: 14

rFire   + + .      SeeInvis .   (no weapon)
rCold   x . .      Faith    .   f - orb {*Rage}
rNeg    . . .      Spirit   .   a - +0 robe
rPois   ∞          Reflect  .   (no helmet)
rElec   .          Harm     .   (no cloak)
rCorr   .          Rampage  .   (no gloves)
Will    .....      Rage     20% (boots unavailable)
Stlth   ++........              (no amulet)
HPRegen 0.13/turn               (no ring)
MPRegen 0.00/turn               (no ring)

@: wereblooded, flying
A: sickness immunity, fire resistance 2, cold vulnerability 1, float, innate
caster, HP casting, extra vitality 1
a: no special abilities


You were on level 3 of the Dungeon.
You visited 1 branch of the dungeon, and saw 3 of its levels.

You collected 85 gold pieces.
You spent 26 gold pieces at shops.

Inventory:

Armour
 a - a +0 robe (worn)
 f - an orb of wrath (worn)
Jewellery
 m - a ring of resist corrosion
Scrolls
 b - 3 scrolls of identify
 c - 3 scrolls of enchant weapon {unknown}
 i - a scroll of blinking {unknown}
 n - a scroll of magic mapping {unknown}
Potions
 d - a potion of lignification {unknown}
 e - a potion of magic {unknown}
 g - a potion of cancellation {unknown}
 h - a potion of might {unknown}
 j - a potion of degeneration {unknown}
 k - a potion of berserk rage {unknown}
 l - a potion of curing {unknown}


   Skills:
 + Level 2.4 Dodging
 + Level 2.1 Stealth
 + Level 5.1 Spellcasting


You couldn't memorise any spells.
You knew the following spells:

 Your Spells              Type           Power      Damage    Failure   Level
a - Foxfire               Conj/Fire      92%        2x1d8     1%          1
b - Scorch                Fire           46%        2d7       2%          2
c - Conjure Flame         Conj/Fire      23%        6-21      4%          3
d - Inner Flame           Hex/Fire       23%        N/A       4%          3
e - Flame Wave            Conj/Fire      23%        2d7       16%         4
f - Apportation           Tloc           46%        N/A       1%          1
g - Wereblood             Tmut           23%        N/A       2%          2
Your spell library was empty.

Dungeon Overview and Level Annotations

Branches:
Dungeon (3/15)

Altars:

Shops:
D:2 :?*

Annotations:
D:3 Sigmund


Innate Abilities, Weirdness & Mutations

You are immune to sickness and miasma.
You are immune to poison.
Your flesh is very heat resistant. (rF++)
You are vulnerable to cold. (rC-)
You float through the air rather than walking.
You learn spells naturally, not from books.
Your magical power is your life essence.
You have superior vitality. (+4 MHP)


Message History

Casting: Foxfire (safe; 1% risk of failure)
Confirm with . or Enter, or press ? or * to list all spells.
You can't see any susceptible monsters within range! (Use Z to cast anyway.)
Casting: Foxfire (safe; 1% risk of failure)
Confirm with . or Enter, or press ? or * to list all spells.
Your blood is infused with primal strength.
The foxfire hits the orc.
Flame seeps out of the orc.
The orc is almost dead.
The orc is engulfed in blazing flames.
The orc explodes!
Your foxfire dissipates!
An endoplasm comes into view.
Casting: Wereblood (safe; 2% risk of failure)
Confirm with . or Enter, or press ? or * to list all spells.
Aiming: Inner Flame (dangerous; 4% risk of failure)
Press: ? - help, Dir - move target, f - endoplasm
Aim: an endoplasm (flame, wandering, hasn't noticed you, chance to affect: 89%)
The endoplasm quivers.
The endoplasm is filled with an inner flame.
* * * LOW HITPOINT WARNING * * *
The endoplasm is engulfed in blazing flames.
The endoplasm explodes!
Sigmund the Dreaded comes into view.
He is wielding a +0 scythe.
Casting: Inner Flame (dangerous; 4% risk of failure)
Confirm with . or Enter, or press ? or * to list all spells.
Aiming: Inner Flame (dangerous; 4% risk of failure)
Press: ? - help, Dir - move target, f - Sigmund
Aim: Sigmund, wielding a +0 scythe and wearing a +0 robe (chance to affect: 84%) Sigmund is filled with an inner flame.
* * * LOW HITPOINT WARNING * * *
Casting: Inner Flame (dangerous; 4% risk of failure)
Confirm with . or Enter, or press ? or * to list all spells.
Flames lash Sigmund.
Flame seeps out of Sigmund.
Sigmund is lightly wounded.
Sigmund's fire resistance burns away.
* * * LOW HITPOINT WARNING * * *
You hear a shout!
Sigmund is engulfed in blazing flames.
Flame seeps out of Sigmund.
Sigmund hits you from afar with a +0 scythe!
You die...

... ..# #........# .... ..
#........# .....#.
#........#
....§#.############...o....#
.....☼)....................#
#.##§§.)###########.........
......○)).)...)...)(...#####
....#..#)@##########...# #
... ##.##..@..#### #...# ..
#..#####....# ##### .
##.....####.###########
#####.##.#.#.#.#.#.#.#
#.................
##.#.#.#.#.#.#)#.#
#..............(.
#.#.#.#.#.#.#.#.#
#................


You could see Sigmund (inner flame, combustible).

Vanquished Creatures
  Grinder (D:3)
  An orc priest (D:3)
  3 adders
  A dart slug (D:3)
  7 orcs (D:3)
  6 endoplasms
  3 giant cockroaches
  10 goblins
  6 hobgoblins
  A quokka (D:1)
  5 ball pythons
  6 bats
  4 frilled lizards
  3 kobolds
  A rat (D:1)
58 creatures vanquished.

Vanquished Creatures (others)
  319 foxfires
319 creatures vanquished.

Grand Total: 377 creatures vanquished

Notes
Turn   | Place    | Note
-------+----------+-------------------------------------------
     0 | D:1      | 101zpm the Djinni Fire Elementalist began the quest for the
                  | Orb.
     0 | D:1      | Reached XP level 1. HP: 15/15 MP: 0/0
   551 | D:1      | Reached XP level 2. HP: 18/21 MP: 0/0
  2188 | D:2      | Reached skill level 3 in Spellcasting
  2188 | D:2      | Reached XP level 3. HP: 22/25 MP: 0/0
  2188 | D:2      | Learned a level 1 spell: Apportation
  2356 | D:2      | Found Jocaxizo's Magic Scroll Emporium.
  2364 | D:2      | Bought a scroll of identify for 26 gold pieces
  2378 | D:2      | Found Goetiap's Book Boutique.
  2694 | D:2      | Found Japt's Assorted Antiques.
  3455 | D:3      | Noticed Grinder
  3484 | D:3      | Reached XP level 4. HP: 20/31 MP: 0/0
  4102 | D:3      | Killed Grinder
  4102 | D:3      | HP: 1/31 [cloud of flame (5)]
  4103 | D:3      | Reached skill level 4 in Spellcasting
  4103 | D:3      | Reached XP level 5. HP: 1/35 MP: 0/0
  4103 | D:3      | Learned a level 2 spell: Wereblood
  4103 | D:3      | Reached XP level 6. HP: 2/40 MP: 0/0
  4435 | D:3      | Reached skill level 5 in Spellcasting
  4786 | D:3      | Noticed Sigmund
  4788 | D:3      | Slain by Sigmund

Illustrated notes

Levels and vault maps discovered:
D:1:      scummos_arrival_simple_fountains, layout_basic
D:2:      layout_rooms, serial_shops, shop_fountains, nicolae_shop_statue_plus,
          shop, dk_noncrumbling_2
D:3:      layout_rooms, chequers_serial_rivers_micro_c, st_stairs_11,
          uniq_sigmund, uniq_grinder

Skill      XL: |  1  2  3  4  5  6 |
---------------+-------------------+-----
Spellcasting   | 3 4 5 |  5.1
Stealth        | 2 |  2.1
Dodging        | |  2.4

Action                   |  1- 3 |  4- 6 || total
-------------------------+-------+-------++-------
 Cast: Foxfire           |   143 |    58 ||   201
       Scorch            |     6 |     9 ||    15
       Inner Flame       |       |    14 ||    14
       Wereblood         |       |     1 ||     1
Armor: Robe              |     1 |       ||     1
Dodge: Dodged            |     4 |     2 ||     6
